 Dungeon Crawl Stone Soup version 0.23.0-3-gf3c87f2 (webtiles) character file.

Game seed: 21906700973470516

600 misha the Covered (level 7, 0/60 HPs)
             Began as a Minotaur Fighter on Feb 24, 2019.
             Was a Follower of Uskayaw.
             Slain by a centaur (5 damage)
             ... on level 6 of the Dungeon.
             The game lasted 00:11:44 (3412 turns).

misha the Covered (Minotaur Fighter)                Turns: 3412, Time: 00:11:45

Health: 0/60       AC:  7    Str: 23    XL:     7   Next: 18%
Magic:  6/6        EV:  9    Int:  5    God:    Uskayaw [*.....]
Gold:   134        SH: 11    Dex:  9    Spells: 6/6 levels left

rFire    . . .     SeeInvis .   a - +0 flail
rCold    . . .     Gourm    .   c - +1 shield
rNeg     . . .     Faith    .   b - +0 scale mail
rPois    .         Spirit   .   (helmet restricted)
rElec    .         Reflect  .   (no cloak)
rCorr    .         Harm     .   (no gloves)
MR       .....                  (no boots)
Stlth    ..........             (no amulet)
HPRegen  0.20/turn              (no ring)
MPRegen  0.10/turn              (no ring)

@: no status effects
A: retaliatory headbutt, horns 2
a: Stomp, Renounce Religion


You were on level 6 of the Dungeon.
You worshipped Uskayaw.
Uskayaw was noncommittal.
You were near starving.

You visited 1 branch of the dungeon, and saw 4 of its levels.

You collected 134 gold pieces.

Inventory:

Hand Weapons
 a - a +0 flail (weapon)
Missiles
 k - 19 poisoned needles (quivered)
Armour
 b - a +0 scale mail (worn)
 c - a +1 shield (worn)
Jewellery
 p - an uncursed ring of flight {unknown}
Scrolls
 d - a scroll of enchant weapon {unknown}
 e - 2 scrolls of enchant armour
 h - 2 scrolls of identify
 n - a scroll of remove curse
 o - a scroll of magic mapping {unknown}
Potions
 g - a potion of flight
 i - a potion of mutation
 j - 2 potions of heal wounds
 l - a potion of invisibility {unknown}
 m - a potion of curing {unknown}
Comestibles
 f - 4 rations


   Skills:
 + Level 4.7 Fighting
 + Level 5.5 Maces & Flails
 + Level 5.9 Armour
 + Level 2.4 Dodging
 + Level 0.7 Stealth
 + Level 5.5 Shields


You had 6 spell levels left.
You didn't know any spells.
Your spell library was empty.

Dungeon Overview and Level Annotations

Branches:
Dungeon (3/15)

Altars:
Dithmenos
Uskayaw
Xom


Innate Abilities, Weirdness & Mutations

You reflexively headbutt those who attack you in melee.
You have a pair of horns on your head.


Message History

The centaur is lightly wounded.
The centaur hits you.
* * * LOW HITPOINT WARNING * * *
The centaur barely misses you.
You feel less confused.
The centaur wields a +0 shortbow.
The centaur shoots an arrow.
The arrow hits you but does no damage.
You see here 3 arrows.
The centaur unwields a +0 shortbow.
You block the centaur's attack.
Items here: (( ) [ † an arrow; a +0 scythe; a +0 robe; 7 poisoned needles the human corpse of Sigmund You closely miss the centaur.
The centaur is lightly wounded.
You block the centaur's attack. The centaur hits you.
* * * LOW HITPOINT WARNING * * *
Your shield and scale mail prevent you from hitting the centaur.
The centaur is lightly wounded.
The centaur hits you.
You die...

#......#.#
........#.#
##......#.##
......)....#
≈...⌠....#.##
≈≈...#.^#..#
≈≈. #..##(##
≈[ #.. #.(# ≈
#.# ##@# #.
#c# #.# ...
#.. ##(. .#
..


You could see a centaur.

Vanquished Creatures
  An ice beast (D:6)
  3 bullfrogs (D:6)
  A howler monkey (D:6)
  An orc wizard (D:3)
  A worker ant (D:6)
  2 adders (D:3)
  A shadow imp (D:2)
  An ooze (D:2)
  A worm (D:2)
  A dart slug (D:3)
  2 leopard geckos (D:3)
  11 orcs
  A ball python (D:1)
  7 bats
  3 giant cockroaches
  11 hobgoblins
  5 jackals
  2 kobolds
  2 quokkas
  4 frilled lizards
  8 goblins
  8 rats
77 creatures vanquished.

Vanquished Creatures (others)
  Sigmund (D:6)
1 creature vanquished.

Grand Total: 78 creatures vanquished

Notes
Turn   | Place    | Note
-------+----------+-------------------------------------------
     0 | D:1      | misha the Minotaur Fighter began the quest for the Orb.
     0 | D:1      | Reached XP level 1. HP: 19/19 MP: 0/0
   306 | D:1      | Reached XP level 2. HP: 17/27 MP: 1/1
  1306 | D:2      | Reached XP level 3. HP: 24/33 MP: 2/2
  1845 | D:2      | Found a shimmering altar of Xom.
  2232 | D:3      | Reached XP level 4. HP: 23/40 MP: 3/3
  2390 | D:3      | Reached skill level 1 in Dodging
  2512 | D:3      | Found a hide-covered altar of Uskayaw.
  2516 | D:3      | Found a shadowy altar of Dithmenos.
  2557 | D:3      | Became a worshipper of Uskayaw the Reveler
  2601 | D:3      | Reached * piety under Uskayaw
  2646 | D:3      | Reached XP level 5. HP: 36/46 MP: 4/4
  2741 | D:3      | You fall through a shaft for 3 floors!
  2765 | D:6      | Reached ** piety under Uskayaw
  2769 | D:6      | Reached skill level 5 in Armour
  2996 | D:6      | Noticed an ice beast
  3000 | D:6      | Reached XP level 6. HP: 46/53 MP: 5/5
  3002 | D:6      | Reached *** piety under Uskayaw
  3004 | D:6      | Reached **** piety under Uskayaw
  3007 | D:6      | Killed an ice beast
  3007 | D:6      | Reached skill level 5 in Maces & Flails
  3007 | D:6      | Reached skill level 5 in Shields
  3385 | D:6      | Noticed Sigmund
  3404 | D:6      | Killed Sigmund
  3404 | D:6      | Reached XP level 7. HP: 29/60 MP: 6/6
  3412 | D:6      | Slain by a centaur

Skill      XL: |  1  2  3  4  5  6 |
---------------+-------------------+-----
Armour         | 4 5 |  5.9
Fighting       | 4 |  4.7
Maces & Flails | 3 4 5 |  5.5
Dodging        | 1 2 |  2.4
Shields        | 4 5 |  5.5
Stealth        | |  0.7

Action                   |  1- 3 |  4- 6 |  7- 9 || total
-------------------------+-------+-------+-------++-------
Melee: Flail             |    86 |   105 |     3 ||   194
       Headbutt          |    12 |    17 |       ||    29
  Use: Scroll            |     5 |       |       ||     5
       Potion            |     1 |       |       ||     1
 Stab: Paralysed         |       |     1 |       ||     1
  Eat: Ration            |     1 |       |       ||     1
       Chunk             |       |     3 |       ||     3
Armor: Scale mail        |    32 |    56 |     1 ||    89
Dodge: Dodged            |    33 |    33 |     3 ||    69
Block: Shield            |    49 |    80 |     2 ||   131
